 Dungeon Crawl Stone Soup version 0.30-a0-4-ga7cffc901d (webtiles) character file.

Game seed: 8360620259818879008

553 runemasterragnar the Changer (level 6, 0/45 HPs)
             Began as a Draconian Transmuter on Aug 21, 2022.
             Was a Priest of Ru.
             Slain by a water moccasin (6 damage)
             ... on level 6 of the Dungeon.
             The game lasted 00:08:50 (6364 turns).

runemasterragnar the Changer (Draconian Transmuter) Turns: 6364, Time: 00:08:51

Health: 0/45       AC:  6    Str: 19    XL:     6   Next: 8%
Magic:  11/11      EV: 12    Int: 15    God:    Ru [***...]
Gold:   274        SH:  0    Dex: 11    Spells: 5/11 levels left

rFire   . . .      SeeInvis .      - Unarmed
rCold   . . .      Faith    .    (no shield)
rNeg    . . .      Spirit   .    (body armour unavailable)
rPois   .          Reflect  .    (helmet currently unavailable)
rElec   .          Harm     .    (no cloak)
rCorr   .          Rampage  .    (no gloves)
Will    .....                    (boots currently unavailable)
Stlth   +.........               f - amulet of magic regeneration
HPRegen 0.15/turn                u - +6 ring of strength
MPRegen 0.52/turn                (no ring)

@: lethally poisoned (0 -> -9), appendages
A: horns 2, talons 2, AC +6, unfitting armour, frail 1, cold-blooded,
inexperienced 1
a: End Transformation, Renounce Religion, Draw Out Power


You were on level 6 of the Dungeon.
You worshipped Ru.
Ru was most pleased with you.
You had temporarily grown beastly horns and talons.
You visited 1 branch of the dungeon, and saw 6 of its levels.

You collected 274 gold pieces.

Inventory:

Hand Weapons
 b - a +0 dagger of venom
Armour
 e - a scarf of shadows
Jewellery
 f - an amulet of magic regeneration (around neck)
 t - a ring of ice
 u - a +6 ring of strength (left hand)
Wands
 k - a wand of charming (13)
 s - a wand of acid (11)
Scrolls
 c - 2 scrolls of fog {unknown}
 d - 2 scrolls of fear
 l - a scroll of blinking {unknown}
 m - a scroll of enchant armour {unknown}
 n - a scroll of poison {unknown}
 o - 2 scrolls of vulnerability {unknown}
 q - a scroll of amnesia {unknown}
Potions
 a - 4 potions of degeneration
 g - 3 potions of haste
 h - a potion of might {unknown}
 i - a potion of heal wounds
 j - a potion of curing
 p - 2 potions of magic
 r - 2 potions of flight {unknown}


   Skills:
 + Level 3.2 Fighting
 + Level 3.2 Dodging
 + Level 4.1 Unarmed Combat
 + Level 3.3 Spellcasting
 * Level 4.8 Transmutations


You had 5 spell levels left.
You knew the following spells:

 Your Spells              Type           Power      Damage    Failure   Level
a - Beastly Appendage     Tmut           32%        N/A       2%          1
b - Wereblood             Tmut           16%        N/A       4%          2
c - Spider Form           Tmut/Pois      9%         N/A       22%         3

Your spell library contained the following spells:

 Spells                   Type           Power      Damage    Failure   Level
 Apportation              Tloc           4%         N/A       19%         1
 Necrotise                Necr           8%         1d4       19%         1
 Slow                     Hex            8%         N/A       19%         1
 Summon Small Mammal      Summ           8%         N/A       19%         1
 Confusing Touch          Hex            2%         N/A       50%         3
 Vampiric Draining        Necr           2%         2d6       50%         3
 Ice Form                 Ice/Tmut       9%         N/A       56%         4


Dungeon Overview and Level Annotations

Branches:
Dungeon (6/15)             Temple (0/1) D:4

Altars:
Ashenzari
Ru

Shops:
D:6 (


Innate Abilities, Weirdness & Mutations

You have temporarily grown beastly horns and talons.
Your plain brown scales are hard. (AC +6)
You cannot fit into any form of body armour.
You are frail. (-10% HP)
You are cold-blooded and may be slowed by cold attacks.
You are somewhat inexperienced. (-1 XL)


Message History

Casting: Spider Form (quite dangerous; 22% risk of failure)
Confirm with . or Enter, or press ? or * to list all spells.
You grow a pair of large bovine horns.
Your feet morph into talons.
The water moccasin hisses angrily.
You miss the water moccasin. Your kick misses the water moccasin.
You headbutt the water moccasin!
Your tail-slap misses the water moccasin.
The water moccasin is moderately wounded.
The water moccasin bites you.
You are poisoned.
The water moccasin poisons you!
You hit the water moccasin.
The water moccasin is heavily wounded.
You feel very sick. The water moccasin bites you. x2
You hit the water moccasin.
Your tail-slap misses the water moccasin.
Your punch misses the water moccasin.
The water moccasin is heavily wounded.
You feel sick. The water moccasin barely misses you.
You barely miss the water moccasin. Your kick misses the water moccasin.
The water moccasin is heavily wounded.
You feel sick. The water moccasin bites you!
You are lethally poisoned!
The water moccasin poisons you!
You focus your inner power and blind the water moccasin in retribution!
You catch the helpless water moccasin completely off-guard!
You hit the water moccasin.
The water moccasin is severely wounded.
You feel very sick.
* * * LOW HITPOINT WARNING * * *
You feel very sick. The water moccasin barely misses you.
* * * LOW HITPOINT WARNING * * *
You feel very sick.
Found 2 gold pieces.
* * * LOW HITPOINT WARNING * * *
You feel very sick.
The water moccasin is no longer blind.
The water moccasin bites you.
You die...

..$ # ... . ## . ..
...........# ...#.#.
..........# .....#.##
.........#
........#####........###
....#...##...........##.
.......@S..###.......#..
##..#..............##...
#...............#...
#..........#........
#..........###.......
#..#.......## #.......
#.##.......# #.......
#.#........# ##.#.#...
#........# #........


You could see a water moccasin.

Vanquished Creatures
  An ogre (D:5)
  A necrophage (D:5)
  A jelly (D:5)
  An orc priest (D:3)
  Terence (D:2)
  An iguana (D:5)
  4 orc wizards
  6 gnolls (D:3)
  5 adders
  A worm (D:3)
  3 dart slugs
  12 orcs
  3 ball pythons
  3 bats (D:1)
  9 endoplasms
  2 giant cockroaches (D:4)
  8 goblins
  6 hobgoblins
  4 jackals
  4 quokkas
  3 frilled lizards (D:1)
  6 kobolds
  2 rats
87 creatures vanquished.

Notes
Turn   | Place    | Note
-------+----------+-------------------------------------------
     0 | D:1      | runemasterragnar the Draconian Transmuter began the quest
                  | for the Orb.
     0 | D:1      | Reached XP level 1. HP: 16/16 MP: 3/3
   354 | D:1      | Found a faded altar of an unknown god.
   368 | D:1      | Reached XP level 2. HP: 7/19 MP: 5/5
   707 | D:1      | Prayed at the altar of an unknown god.
   707 | D:1      | Became a worshipper of Ru the Awakened
   729 | D:1      | Gained mutation: You are somewhat inexperienced. (-1 XL)
                  | [Ru sacrifice]
   729 | D:1      | Reached XP level 1. HP: 12/12 MP: 3/3
   729 | D:1      | Reached * piety under Ru
  1589 | D:2      | Reached XP level 2. HP: 23/23 MP: 3/5
  1889 | D:2      | Noticed Terence
  1922 | D:2      | Killed Terence
  1923 | D:2      | Reached XP level 3. HP: 18/29 MP: 4/6
  2072 | D:2      | Learned a level 2 spell: Wereblood
  2076 | D:2      | Learned a level 3 spell: Spider Form
  2089 | D:2      | Identified the +2 flail of Ycwawkig {flame, +Blink rPois
                  | rF- Int+7}
  2643 | D:3      | Noticed a scorpion
  3485 | D:3      | Reached XP level 4. HP: 36/36 MP: 5/8
  4052 | D:4      | Gained mutation: You are frail. (-10% HP) [Ru sacrifice]
  4052 | D:4      | Reached ** piety under Ru
  4052 | D:4      | Reached *** piety under Ru
  4293 | D:4      | Found a staircase to the Ecumenical Temple.
  4321 | D:4      | Reached XP level 5. HP: 19/37 MP: 9/9
  4707 | D:4      | Found a broken altar of Ashenzari.
  5157 | D:5      | Entered Level 5 of the Dungeon
  5818 | D:5      | Identified the +6 morningstar "Worm" {vorpal, rC- Dex+6}
  5992 | D:5      | Reached XP level 6. HP: 45/45 MP: 7/11
  6319 | D:6      | Found Gukhaj's Antique Weapon Emporium.
  6364 | D:6      | Slain by a water moccasin

Illustrated notes

Levels and vault maps discovered:
D:1:      ncdulo_lavacross, layout_loops_ring, hellmonk_ecumenical_altar_blasted
D:2:      layout_basic, hangedman_abyss_or_decor_stabs, uniq_terence
D:3:      layout_basic
D:4:      layout_layer_cave, lemuel_crystal_altar, minmay_temple_entry_waves
D:5:      minmay_general_purpose_star, layout_rooms,
          chequers_hall_statues_wall_a
D:6:      layout_rooms, nicolae_gozag_cash_rules_everything_around_me,
          serial_shops, shop, nicolae_shop_statue_plus, shop_coins,
          nicolae_shop_hallway_plus, uniq_edmund

Skill      XL: |  1  2  3  4  5 |
---------------+----------------+-----
Dodging        | 2 3 |  3.2
Transmutations | 3 4 |  4.8
Fighting       | 2 3 |  3.2
Spellcasting   | 3 |  3.3
Unarmed Combat | 4 |  4.1

Action                   |  1- 3 |  4- 6 || total
-------------------------+-------+-------++-------
Melee: Unarmed           |   141 |   113 ||   254
       Kick              |    21 |     3 ||    24
       Tailslap          |     9 |       ||     9
       Headbutt          |    10 |     2 ||    12
       Punch             |       |     1 ||     1
 Cast: Beastly Appendage |    37 |     6 ||    43
       Spider Form       |     3 |    11 ||    14
       Wereblood         |       |     2 ||     2
Invok: Sacrifice Experie |     1 |       ||     1
       Sacrifice Health  |       |     1 ||     1
Evoke: Wand              |     2 |       ||     2
  Use: Potion            |     2 |     2 ||     4
       Scroll            |     3 |     2 ||     5
 Stab: Sleeping          |     1 |       ||     1
       Invisible         |       |     1 ||     1
Armor: Skin              |    28 |     7 ||    35
Dodge: Dodged            |    69 |    73 ||   142

Table legend: (Time is in decaauts)
 A = Elapsed time spent in this place.
 B = Non-inter-level travel time spent in this place.
 C = Inter-level travel time spent in this place.
 D = Time resting spent in this place.
 E = Time spent auto-exploring this place.
 F = Levels seen in this place.
 G = Mean time per level.
                   A        B        C        D        E       F      G
               +--------+--------+--------+--------+--------+-----+--------+
         Total |   6347 |   6181 |    166 |    639 |   4725 |   6 | 1057.8 |
       Dungeon |   6347 |   6181 |    166 |    639 |   4725 |   6 | 1057.8 |
               +--------+--------+--------+--------+--------+-----+--------+

Top non-repeatable levels by time:
     D:3: 1584 daAuts
     D:1: 1575 daAuts
     D:5: 1154 daAuts
     D:4: 1118 daAuts
     D:2: 867 daAuts
     D:6: 47 daAuts
